 Dungeon Crawl Stone Soup version 0.18-a0-123-g3323726 (webtiles) character file.

77 ReteAZ the Chopper (level 4, -8/41 HPs)
             Began as a Minotaur Berserker on Nov 20, 2015.
             Was a Believer of Trog.
             Mangled by Crazy Yiuf
             ... wielding a +2 quarterstaff of chaos
              (10 damage)
             ... on level 2 of the Dungeon.
             The game lasted 00:02:00 (1348 turns).

ReteAZ the Chopper (Minotaur Berserker)             Turns: 1348, Time: 00:02:00

Health: -8/41      AC:  5    Str: 22    XL:     4   Next: 14%
Magic:  0/3        EV: 12    Int:  4    God:    Trog [**....]
Gold:   7          SH:  0    Dex: 10    Spells: 0 memorised, 3 levels left

rFire  . . .     SeeInvis .     a - +0 hand axe
rCold  . . .     Clarity  .     b - +0 animal skin
rNeg   . . .     SustAt   .     (no shield)
rPois  .         Gourm    .     g - +2 hat
rElec  .         Spirit   .     n - +0 cloak
rCorr  .         Warding  .     (no gloves)
rMut   .         Stasis   .     (no boots)
MR     .....                    (no amulet)
Stlth  +.........               (no ring)
                                (no ring)

@: not resistant to hostile enchantments, very unstealthy
A: retaliatory headbutt, horns 2
a: Berserk, Trog's Hand, Burn Spellbooks, Renounce Religion


You were on level 2 of the Dungeon.
You worshipped Trog.
Trog was pleased with you.
You were not hungry.

You visited 1 branch of the dungeon, and saw 2 of its levels.

You collected 7 gold pieces.

Inventory:

Hand Weapons
 a - a +0 hand axe (weapon)
Armour
 b - a +0 animal skin (worn)
 g - a +2 hat (worn)
 n - a +0 cloak (worn)
Scrolls
 d - a scroll of immolation {unknown}
 h - 2 scrolls of amnesia {unknown}
 i - a scroll of noise {unknown}
Potions
 e - a potion of curing {unknown}
 f - a potion of agility {unknown}
 j - 3 potions of cancellation {unknown}
 l - a potion of resistance {unknown}
 m - 2 potions of degeneration {unknown}
Comestibles
 c - 2 bread rations {@e1}
 k - 2 chunks of flesh {@w0}
 o - 3 fruits
 p - a meat ration {@e2}


   Skills:
 + Level 4.3 Fighting
 * Level 4.9 Axes
 + Level 3.4 Armour
 - Level 2.1 Dodging


You had 3 spell levels left.
You didn't know any spells.

Dungeon Overview and Level Annotations

Branches:
Dungeon (2/15)

Altars:

Annotations:
D:2 Crazy Yiuf, Robin


Innate Abilities, Weirdness & Mutations

You reflexively headbutt those who attack you in melee.
You have a pair of horns on your head.


Message History

Crazy Yiuf zaps a wand.
The puff of frost hits you!
It is a wand of frost.
Crazy Yiuf yells, "Adder!
Orb foot green."
Crazy Yiuf drinks a potion.
Crazy Yiuf seems to grow stronger.
You barely miss Crazy Yiuf. You headbutt Crazy Yiuf!
Crazy Yiuf is heavily wounded.
Crazy Yiuf whimpers, "Cards forty-two seventy!"
Crazy Yiuf zaps a wand.
The puff of frost hits you!
You hit Crazy Yiuf.
Crazy Yiuf is heavily wounded.
Crazy Yiuf zaps a wand.
The puff of frost hits you!
Crazy Yiuf hits you with a quarterstaff of chaos!
* * * LOW HITPOINT WARNING * * *
You feel your power leaking away.
You are too injured to fight recklessly!
You hit Crazy Yiuf. You headbutt Crazy Yiuf.
Crazy Yiuf is almost dead.
You hit Crazy Yiuf.
Crazy Yiuf is almost dead.
Crazy Yiuf hits you with a quarterstaff of chaos!
You die...

...... ....### ..##
#.# #[######
♣♣♣♣♣##...(... ####
♣♣♣.♣...........
#...#♣..♣............
#..g@.♣♣♣♣.♣.........
#)..#♣♣ ♣♣..........
#### ♣♣##.......
##### #......# #...#
#......# #...######
### #####......#
#........#
#.###.##.......#
#........#
#..##.##....####
#........#
##.##.##....#


You could see Crazy Yiuf.

Vanquished Creatures
  Natasha (D:2)
  An adder (D:2)
  A worm (D:2)
  A giant gecko (D:1)
  3 giant cockroaches
  9 goblins
  7 hobgoblins
  2 kobolds (D:1)
  4 bats (D:1)
  3 giant newts
  4 rats
36 creatures vanquished.

Notes
Turn   | Place    | Note
--------------------------------------------------------------
     0 | D:1      | ReteAZ the Minotaur Berserker began the quest for the Orb.
     0 | D:1      | Reached XP level 1. HP: 19/19 MP: 0/0
   236 | D:1      | Reached XP level 2. HP: 25/27 MP: 1/1
   244 | D:1      | Reached skill level 4 in Axes
   612 | D:2      | Noticed Robin
   624 | D:2      | Reached ** piety under Trog
   628 | D:2      | Reached XP level 3. HP: 26/33 MP: 2/2
  1065 | D:2      | Noticed Natasha
  1082 | D:2      | Killed Natasha
  1082 | D:2      | Reached XP level 4. HP: 16/40 MP: 3/3
  1341 | D:2      | Noticed Crazy Yiuf
  1346 | D:2      | HP: 2/41 [Crazy Yiuf/quarterstaff of chaos (17)]
  1348 | D:2      | Mangled by Crazy Yiuf

Vault maps used:
D:1:      kilobyte_arrival_exit_the_forest, feat_on_display
D:2:      ecumenical_altar_1, uniq_robin, uniq_terence, uniq_crazy_yiuf_cottage,
          uniq_natasha

Action                   |  1- 3 |  4- 6 || total
-------------------------+-------+-------++-------
Melee: Hand axe          |    70 |     8 ||    78
 Stab: Sleeping          |     1 |       ||     1
  Eat: Chunk             |       |     1 ||     1
